Red Wings vs Blues

Created - May 13, 2017 at 20:10

Goals
1 2 3 OT1 SO T
Red Wings 2 1 0 0 0 3
Blues 2 0 1 0 1 4
Shots
1 2 3 OT1 SO T
Red Wings 11 18 4 0 3 33
Blues 17 7 7 0 3 31

1st period

1. Red Wings , Steve Downie 16 (Phil Kessel 57, Ole-Kristian Tollefsen 30) at 4:37
2. Blues , Travis Zajac 24 (Alex Pietrangelo 79, Bryce Lampman 17) at 6:52
3. Red Wings , Nate Thompson 8 (Mike Brown 9, Tim Ramholt 4) at 11:16
4. Blues , Taylor Pyatt 11 (Bryce Lampman 18, Alex Pietrangelo 80) at 18:25

Penalties :
Joe Pavelski (STL) for Boarding (Minor) at 8:45, Phil Kessel (Det) for Elbowing (Minor) at 18:44

2nd period

5. Red Wings , Ales Hemsky 11 (Alex Picard 10, Adam Henrique 16) at 13:28

Penalties :
Tye McGinn (Det) for Roughing (Minor) at 8:49

3rd period

6. Blues , Joe Pavelski 31 (Taylor Hall 33, Travis Zajac 38) at 5:43

Penalties :
Tim Ramholt (Det) for Holding (Minor) at 8:20, Nik Antropov (STL) for Roughing (Minor) at 10:28

Overtime #1

No Goal

Penalties :
No Penalty

Shootout

Penalty Shot by Rick Nash for Red Wings - Stopped by Tuukka Rask
Penalty Shot by Joe Pavelski for Blues - Stopped by Ilya Bryzgalov
Penalty Shot by Mike Richards for Red Wings - Stopped by Tuukka Rask
Penalty Shot by Nik Antropov for Blues - Stopped by Ilya Bryzgalov
Penalty Shot by Steve Downie for Red Wings - Shot Misses the Net
Penalty Shot by Travis Zajac for Blues - Goal!

Penalties :
No Penalty

Goalie Stats

Ilya Bryzgalov (Det), 28 saves from 31 shots - (0.903), OTL, 14-13-3, 65:00 minutes
Tuukka Rask (STL), 30 saves from 33 shots - (0.909), W, 30-20-9, 65:00 minutes

Players Stats for Red Wings

Player Name              G  A  P  +/- PIM S  H  SB GA TA FO     MP     PP MP  PK MP  
------------------------------------------------------------------------------------
Adam Henrique            0  1  1   0  0   0  0  1  0  0  3/5    10:42   1:56   0:00 
Ales Hemsky              1  0  1   0  0   3  0  0  0  0  0/0    11:05   0:37   0:00 
Alex Picard              0  1  1   0  0   0  2  0  1  1  1/2    16:14   0:28   0:58 
Brendan Bell             0  0  0   0  0   1  1  1  1  0  0/0    16:57   0:00   0:55 
Filip Kuba               0  0  0   0  0   2  2  0  0  0  0/0    23:47   1:58   0:28 
Jiri Fischer             0  0  0   0  0   0  1  2  0  0  0/0    21:49   0:00   3:16 
Mike Brown               0  1  1   0  0   1  1  0  0  1  0/0     9:31   0:04   1:21 
Mike Richards            0  0  0  -1  0   3  0  0  0  0  20/38  22:56   1:58   0:20 
Nate Thompson            1  0  1   0  0   2  0  0  2  0  1/2     8:34   0:00   0:00 
Ole-Kristian Tollefsen   0  1  1   0  0   3  1  1  1  0  0/0    23:19   2:00   2:41 
Phil Kessel              0  1  1  -1  2   2  0  1  0  0  2/3    20:30   1:58   0:00 
Rick Nash                0  0  0  -1  0   6  3  1  1  1  1/3    24:24   1:58   2:26 
Sean Bergenheim          0  0  0   1  0   1  0  0  0  0  0/0     9:53   0:59   1:21 
Shea Weber               0  0  0   0  0   3  3  1  0  3  0/0    25:03   2:00   2:41 
Steve Downie             1  0  1   1  0   1  1  0  0  1  0/1    18:41   1:56   2:26 
Tim Ramholt              0  1  1   0  2   0  1  0  1  0  0/0    16:58   0:00   1:53 
Tye McGinn               0  0  0   0  2   0  2  0  0  0  0/0    10:55   0:00   0:00 
Tyler Johnson            0  0  0   1  0   5  4  0  1  0  2/15   22:42   1:58   3:02 

Players Stats for Blues

Player Name              G  A  P  +/- PIM S  H  SB GA TA FO     MP     PP MP  PK MP  
------------------------------------------------------------------------------------
Alex Pietrangelo         0  2  2   2  0   1  0  2  0  2  0/0    29:15   3:07   0:18 
Bryce Lampman            0  2  2   2  0   1  1  1  2  1  0/0    27:09   3:07   2:05 
Christian Ehrhoff        0  0  0  -1  0   1  0  0  0  3  0/0    17:59   2:50   1:35 
Cody Franson             0  0  0  -1  0   0  2  1  0  0  0/0    21:10   2:50   1:35 
David Perron             0  0  0  -2  0   1  0  0  0  0  0/0     4:56   0:00   0:00 
Drew Fata                0  0  0  -1  0   0  1  3  1  1  0/0    21:41   0:00   2:23 
Drew Stafford            0  0  0   1  0   0  2  1  0  0  0/0    15:18   2:35   0:34 
Joe Corvo                0  0  0  -1  0   0  1  0  0  0  0/0    12:46   0:00   0:00 
Joe Pavelski             1  0  1   2  2   2  1  0  1  0  0/1    17:04   3:22   0:00 
Kevin Porter             0  0  0   0  0   0  1  0  0  0  1/1     8:35   0:36   0:52 
Nicklas Backstrom        0  0  0  -3  0   6  4  1  1  1  21/34  23:05   3:33   1:10 
Nik Antropov             0  0  0   1  2   2  1  0  0  0  2/5    13:04   0:00   0:58 
Paul Kariya              0  0  0   0  0   4  1  0  0  0  0/1    12:31   3:21   0:12 
Sergei Shirokov          0  0  0  -3  0   2  2  1  1  0  1/4    18:57   0:00   0:00 
Taylor Hall              0  1  1   2  0   4  0  1  1  0  0/1    19:09   2:26   1:16 
Taylor Pyatt             1  0  1   1  0   5  2  0  0  0  1/1    14:27   0:10   1:56 
Tomas Kopecky            0  0  0   0  0   1  0  0  0  0  0/0    14:28   0:00   0:00 
Travis Zajac             1  1  2   1  0   1  2  0  0  0  13/21  24:26   1:48   0:58 

3 Stars

1 - Travis Zajac (STL)
2 - Bryce Lampman (STL)
3 - Alex Pietrangelo (STL)

Power Play

Red Wings - 0 on 2 Attempt(s) - 0.00%
Blues - 0 on 3 Attempt(s) - 0.00%

Penalty Kill

Red Wings - 3 on 3 Attempt(s) - 100.00% - Score 0 goal in Penalty Kill
Blues - 2 on 2 Attempt(s) - 100.00% - Score 0 goal in Penalty Kill

Team Stat

Red Wings - Hits : 22 - Faceoff Wins : 30 - Blocked Shots : 8 - Penalty Minutes : 6
Blues - Hits : 21 - Faceoff Wins : 39 - Blocked Shots : 11 - Penalty Minutes : 4

Official

Referees : Watson Brad and Morton Dean
Linesman : Brian Mach and Mark Shewchyk

Game Notes

David Perron is injured at 15:20 of 1st period (Strained Left Elbow)
Sean Bergenheim is injured at 7:09 of 2nd period (Right Foot)

Finance

Level 1 -- Attendance: 5693 (94.88%) -- Ticket Income $478,212
Level 2 -- Attendance: 4717 (94.34%) -- Ticket Income $245,284
Level 3 -- Attendance: 1856 (92.80%) -- Ticket Income $55,680
Level 4 -- Attendance: 3856 (96.40%) -- Ticket Income $73,264
Luxury Box -- Attendance: 723 (72.30%) -- Ticket Income $122,187
Game was played at the Scotttrade center.
Total Attendance: 16845 (93.58%)
Total Ticket Income: $974,627
Other Income: $146,194
Total Income: $1,120,821

Red Wings

5 vs 5 Forward 
   Center                   Left Wing                Right Wing               Time % Phy DF OF 
 1 Mike Richards            Rick Nash                Phil Kessel              40     0   2  3  
 2 Tyler Johnson            Sean Bergenheim          Steve Downie             30     0   2  3  
 3 Adam Henrique            Alex Picard              Ales Hemsky              20     0   3  2  
 4 Nate Thompson            Tye McGinn               Mike Brown               10     1   2  2  

5 vs 5 Defense 
   Defense                  Defense                                           Time % Phy DF OF 
 1 Shea Weber               Filip Kuba                                        40     0   3  2  
 2 Jiri Fischer             Ole-Kristian Tollefsen                            35     0   3  2  
 3 Brendan Bell             Tim Ramholt                                       15     1   3  1  
 4 Brendan Bell             Tim Ramholt                                       10     1   3  1  

PowerPlay Forward 
   Center                   Left Wing                Right Wing               Time % Phy DF OF 
 1 Mike Richards            Rick Nash                Phil Kessel              60     0   1  4  
 2 Adam Henrique            Sean Bergenheim          Steve Downie             40     0   1  4  

PowerPlay Defense
   Defense                  Defense                                           Time % Phy DF OF 
 1 Shea Weber               Ole-Kristian Tollefsen                            60     0   2  3  
 2 Filip Kuba               Tyler Johnson                                     40     0   2  3  

Penalty Kill 4 Players Forward 
   Center                   Wing                     Time % Phy DF OF 
 1 Tyler Johnson            Sean Bergenheim          50     1   2  2  
 2 Rick Nash                Steve Downie             50     1   2  2  

Penalty Kill 4 Players Defense
   Defense                  Defense                  Time % Phy DF OF 
 1 Shea Weber               Ole-Kristian Tollefsen   50     1   2  2  
 2 Jiri Fischer             Tim Ramholt              50     1   2  2  

Penalty Kill - 3 Players Forward 
   Forward                                           Time % Phy DF OF 
 1 Tyler Johnson                                     60     1   2  2  
 2 Steve Downie                                      40     1   2  2  

Penalty Kill - 3 Players Defense
   Defense                  Defense                  Time % Phy DF OF 
 1 Shea Weber               Ole-Kristian Tollefsen   50     1   2  2  
 2 Jiri Fischer             Tim Ramholt              50     1   2  2  

4 vs 4 Forward 
   Center                   Wing                     Time % Phy DF OF 
 1 Mike Richards            Rick Nash                60     1   2  2  
 2 Phil Kessel              Sean Bergenheim          40     1   2  2  

4 vs 4 Defense
   Defense                  Defense                  Time % Phy DF OF 
 1 Shea Weber               Ole-Kristian Tollefsen   60     1   2  2  
 2 Jiri Fischer             Filip Kuba               40     1   2  2  

Last Minutes Offensive
   Center                   Left Wing                Right Wing               Defense                  Defense                  
   Mike Richards            Rick Nash                Phil Kessel              Shea Weber               Ole-Kristian Tollefsen   

Last Minutes Defensive
   Center                   Left Wing                Right Wing               Defense                  Defense                  
   Tyler Johnson            Rick Nash                Steve Downie             Shea Weber               Ole-Kristian Tollefsen   

Goaltenders
Starting : Ilya Bryzgalov           
Backup : Michal Neuvirth          

Extra Forwards
Normal : Rick Nash, Sean Bergenheim, Tyler Johnson - PP : Steve Downie, Ales Hemsky - PK : Mike Brown
Extra Defensemen
Normal : Shea Weber, Filip Kuba, Brendan Bell - PP : Brendan Bell - PK : Filip Kuba, Brendan Bell
Penalty Shots
Rick Nash, Mike Richards, Steve Downie, Shea Weber, Phil Kessel

Scratches
Marc Savard (Healthy), Sean Bergenheim (Right Foot Injury)

Blues

5 vs 5 Forward 
   Center                   Left Wing                Right Wing               Time % Phy DF OF 
 1 Nicklas Backstrom        David Perron             Sergei Shirokov          40     1   2  2  
 2 Travis Zajac             Taylor Hall              Joe Pavelski             30     1   2  2  
 3 Nik Antropov             Taylor Pyatt             Drew Stafford            20     1   2  2  
 4 Kevin Porter             Paul Kariya              Tomas Kopecky            10     1   2  2  

5 vs 5 Defense 
   Defense                  Defense                                           Time % Phy DF OF 
 1 Bryce Lampman            Alex Pietrangelo                                  40     1   2  2  
 2 Drew Fata                Cody Franson                                      30     1   2  2  
 3 Christian Ehrhoff        Joe Corvo                                         20     1   2  2  
 4 Alex Pietrangelo         Drew Fata                                         10     1   2  2  

PowerPlay Forward 
   Center                   Left Wing                Right Wing               Time % Phy DF OF 
 1 Nicklas Backstrom        David Perron             Joe Pavelski             60     1   2  2  
 2 Travis Zajac             Taylor Hall              Drew Stafford            40     1   2  2  

PowerPlay Defense
   Defense                  Defense                                           Time % Phy DF OF 
 1 Bryce Lampman            Alex Pietrangelo                                  60     1   2  2  
 2 Cody Franson             Christian Ehrhoff                                 40     1   2  2  

Penalty Kill 4 Players Forward 
   Center                   Wing                     Time % Phy DF OF 
 1 Nik Antropov             Taylor Pyatt             60     1   2  2  
 2 Travis Zajac             Drew Stafford            40     1   2  2  

Penalty Kill 4 Players Defense
   Defense                  Defense                  Time % Phy DF OF 
 1 Drew Fata                Bryce Lampman            60     1   2  2  
 2 Cody Franson             Christian Ehrhoff        40     1   2  2  

Penalty Kill - 3 Players Forward 
   Forward                                           Time % Phy DF OF 
 1 Nik Antropov                                      60     1   2  2  
 2 Taylor Pyatt                                      40     1   2  2  

Penalty Kill - 3 Players Defense
   Defense                  Defense                  Time % Phy DF OF 
 1 Christian Ehrhoff        Drew Fata                60     1   2  2  
 2 Bryce Lampman            Cody Franson             40     1   2  2  

4 vs 4 Forward 
   Center                   Wing                     Time % Phy DF OF 
 1 Travis Zajac             David Perron             60     1   2  2  
 2 Nicklas Backstrom        Taylor Hall              40     1   2  2  

4 vs 4 Defense
   Defense                  Defense                  Time % Phy DF OF 
 1 Bryce Lampman            Alex Pietrangelo         60     1   2  2  
 2 Drew Fata                Cody Franson             40     1   2  2  

Last Minutes Offensive
   Center                   Left Wing                Right Wing               Defense                  Defense                  
   Nicklas Backstrom        David Perron             Joe Pavelski             Christian Ehrhoff        Alex Pietrangelo         

Last Minutes Defensive
   Center                   Left Wing                Right Wing               Defense                  Defense                  
   Nik Antropov             David Perron             Drew Stafford            Bryce Lampman            Drew Fata                

Goaltenders
Starting : Tuukka Rask              
Backup : Jeff Deslauriers         

Extra Forwards
Normal : Travis Zajac, Sergei Shirokov, Tomas Kopecky - PP : Paul Kariya, David Perron - PK : Taylor Pyatt
Extra Defensemen
Normal : Joe Corvo, Cody Franson, Drew Fata - PP : Bryce Lampman - PK : Alex Pietrangelo, Joe Corvo
Penalty Shots
David Perron, Joe Pavelski, Travis Zajac, Nik Antropov, Sergei Shirokov

Scratches
Antti Miettinen (Healthy), David Perron (Strained Left Elbow Injury), Jake Gardiner (Separated Right Shoulder Injury)

% Time on Ice - Red Wings

Lines # - Real PCT - Wanted PCT - Time Play
Normal Forward
1 - 35% - 40% - 17:20
2 - 34% - 30% - 16:53
3 - 17% - 20% - 8:30
4 - 15% - 10% - 7:22
Normal Defense
1 - 39% - 40% - 19:41
2 - 34% - 35% - 16:55
3 - 17% - 15% - 8:40
4 - 10% - 10% - 4:49
PP Forward
1 - 50% - 60% - 1:58
2 - 50% - 40% - 2:00
PP Defense
1 - 50% - 60% - 2:00
2 - 50% - 40% - 1:58
PK Forward
1 - 59% - 50% - 3:31
2 - 41% - 50% - 2:26
PK Defense
1 - 45% - 50% - 2:41
2 - 55% - 50% - 3:16
PK3 Forward
1 - 0% - 60%
2 - 0% - 40%
PK3 Defense
1 - 0% - 50%
2 - 0% - 50%
44 Forward
1 - 76% - 60% - 3:47
2 - 24% - 40% - 1:13
44 Defense
1 - 65% - 60% - 3:14
2 - 35% - 40% - 1:46
Last Minute Offensive  - 0:00
Last Minute Defensive  - 0:00
Total
Forward - 65:00
Defense - 65:00

% Time on Ice - Blues

Lines # - Real PCT - Wanted PCT - Time Play
Normal Forward
1 - 35% - 40% - 17:21
2 - 28% - 30% - 13:48
3 - 24% - 20% - 12:07
4 - 14% - 10% - 6:49
Normal Defense
1 - 41% - 40% - 20:25
2 - 29% - 30% - 14:25
3 - 23% - 20% - 11:27
4 - 8% - 10% - 3:48
PP Forward
1 - 70% - 60% - 4:09
2 - 30% - 40% - 1:48
PP Defense
1 - 52% - 60% - 3:07
2 - 48% - 40% - 2:50
PK Forward
1 - 86% - 60% - 3:24
2 - 14% - 40% - 0:34
PK Defense
1 - 60% - 60% - 2:23
2 - 40% - 40% - 1:35
PK3 Forward
1 - 0% - 60%
2 - 0% - 40%
PK3 Defense
1 - 0% - 60%
2 - 0% - 40%
44 Forward
1 - 100% - 60% - 5:00
2 - 0% - 40% - 0:00
44 Defense
1 - 65% - 60% - 3:14
2 - 35% - 40% - 1:46
Last Minute Offensive  - 0:00
Last Minute Defensive  - 0:00
Total
Forward - 65:00
Defense - 65:00

Play by Play

1st period


0:01 of 1st period - Nicklas Backstrom wins face-off versus Mike Richards in neutral zone.
0:04 of 1st period - Snap shot by Sergei Shirokov.
0:04 of 1st period - Stopped by Ilya Bryzgalov with a rebound.
0:06 of 1st period - Snap shot by David Perron.
0:06 of 1st period - Stopped by Ilya Bryzgalov without a rebound.
0:07 of 1st period - Mike Richards wins face-off versus Nicklas Backstrom in Red Wings zone.
0:14 of 1st period - Alex Pietrangelo is hit by Rick Nash.
0:32 of 1st period - Snap shot by Nicklas Backstrom.
0:32 of 1st period - Deflect By Shea Weber.
0:32 of 1st period - Stopped by Ilya Bryzgalov with a rebound.
0:34 of 1st period - Snap shot by Alex Pietrangelo.
0:34 of 1st period - Stopped by Ilya Bryzgalov without a rebound.
0:35 of 1st period - Travis Zajac wins face-off versus Tyler Johnson in Red Wings zone.
0:51 of 1st period - Snap shot by Tyler Johnson.
0:51 of 1st period - Stopped by Tuukka Rask with a rebound.
1:01 of 1st period - Alex Picard is hit by Drew Stafford and loses puck.
1:10 of 1st period - Cody Franson is hit by Alex Picard and loses puck.
1:48 of 1st period - Drew Fata is hit by Rick Nash and loses puck.
2:49 of 1st period - Wrist shot by Nate Thompson.
2:49 of 1st period - Stopped by Tuukka Rask without a rebound.
2:50 of 1st period - Mike Richards wins face-off versus Travis Zajac in Blues zone.
3:17 of 1st period - Tyler Johnson is hit by Sergei Shirokov and loses puck.
4:37 of 1st period - Slapshot by Steve Downie.
4:37 of 1st period - Goal by Steve Downie - Red Wings : 1 - Blues : 0.
4:38 of 1st period - Nicklas Backstrom wins face-off versus Tyler Johnson in neutral zone.
5:32 of 1st period - Wrist shot by Paul Kariya.
5:32 of 1st period - Stopped by Ilya Bryzgalov with a rebound.
5:34 of 1st period - Slapshot by Joe Corvo.
5:34 of 1st period - Shot Blocked by Brendan Bell.
5:36 of 1st period - Slapshot by Joe Corvo.
5:36 of 1st period - Shot Misses the Net.
5:44 of 1st period - Kevin Porter is hit by Steve Downie.
5:47 of 1st period - Off-side.
5:48 of 1st period - Travis Zajac wins face-off versus Mike Richards in neutral zone.
6:15 of 1st period - Joe Pavelski is hit by Tye McGinn and loses puck.
6:52 of 1st period - Snap shot by Travis Zajac.
6:52 of 1st period - Goal by Travis Zajac - Red Wings : 1 - Blues : 1.
6:53 of 1st period - Phil Kessel wins face-off versus Nicklas Backstrom in neutral zone.
7:19 of 1st period - Taylor Pyatt is hit by Shea Weber and loses puck.
7:46 of 1st period - Slapshot by Paul Kariya.
7:46 of 1st period - Stopped by Ilya Bryzgalov with a rebound.
7:52 of 1st period - Slapshot by Alex Pietrangelo.
7:52 of 1st period - Deflect By Paul Kariya.
7:52 of 1st period - Stopped by Ilya Bryzgalov without a rebound.
7:53 of 1st period - Nicklas Backstrom wins face-off versus Mike Richards in Red Wings zone.
8:45 of 1st period - Minor Penalty to Joe Pavelski for Boarding.
8:46 of 1st period - Mike Richards wins face-off versus Nik Antropov in Blues zone.
9:03 of 1st period - Taylor Pyatt is hit by Rick Nash and loses puck.
10:03 of 1st period - Sean Bergenheim is hit by Cody Franson and loses puck.
10:16 of 1st period - Tyler Johnson is hit by Travis Zajac and loses puck.
10:29 of 1st period - Shea Weber is hit by Taylor Pyatt and loses puck.
10:45 of 1st period - Penalty to Joe Pavelski is over, Joe Pavelski is back on ice.
10:52 of 1st period - Ole-Kristian Tollefsen is hit by Drew Fata and loses puck.
10:57 of 1st period - Wrist shot by Tomas Kopecky.
10:57 of 1st period - Shot Blocked by Shea Weber.
10:59 of 1st period - Wrist shot by Tomas Kopecky.
10:59 of 1st period - Deflect By Paul Kariya.
10:59 of 1st period - Stopped by Ilya Bryzgalov without a rebound.
11:00 of 1st period - Nicklas Backstrom wins face-off versus Nate Thompson in Red Wings zone.
11:16 of 1st period - Wrist shot by Nate Thompson.
11:16 of 1st period - Goal by Nate Thompson - Red Wings : 2 - Blues : 1.
11:17 of 1st period - Mike Richards wins face-off versus Sergei Shirokov in neutral zone.
11:26 of 1st period - Snap shot by Mike Richards.
11:26 of 1st period - Stopped by Tuukka Rask without a rebound.
11:27 of 1st period - Nicklas Backstrom wins face-off versus Mike Richards in Blues zone.
11:41 of 1st period - Wrist shot by Rick Nash.
11:41 of 1st period - Shot Blocked by Drew Fata.
11:43 of 1st period - Slapshot by Filip Kuba.
11:43 of 1st period - Deflect By Phil Kessel.
11:43 of 1st period - Shot Blocked by Drew Fata.
11:43 of 1st period - Puck is out of play.
11:44 of 1st period - Travis Zajac wins face-off versus Tyler Johnson in Blues zone.
11:44 of 1st period - Travis Zajac is hit by Shea Weber.
12:14 of 1st period - Wrist shot by Rick Nash.
12:14 of 1st period - Shot Blocked by Nicklas Backstrom.
12:41 of 1st period - Snap shot by Taylor Pyatt.
12:41 of 1st period - Stopped by Ilya Bryzgalov with a rebound.
13:02 of 1st period - Snap shot by Tomas Kopecky.
13:02 of 1st period - Stopped by Ilya Bryzgalov without a rebound.
13:03 of 1st period - Rick Nash wins face-off versus Nicklas Backstrom in Red Wings zone.
13:03 of 1st period - Rick Nash is hit by Cody Franson.
13:11 of 1st period - Snap shot by Mike Richards.
13:11 of 1st period - Shot Misses the Net.
13:13 of 1st period - Slapshot by Rick Nash.
13:13 of 1st period - Stopped by Tuukka Rask without a rebound.
13:14 of 1st period - Mike Richards wins face-off versus Nicklas Backstrom in Blues zone.
13:48 of 1st period - Cody Franson is hit by Tyler Johnson and loses puck.
14:07 of 1st period - Snap shot by Ales Hemsky.
14:07 of 1st period - Stopped by Tuukka Rask without a rebound.
14:08 of 1st period - Nicklas Backstrom wins face-off versus Adam Henrique in Blues zone.
15:19 of 1st period - David Perron is hit by Ole-Kristian Tollefsen.
15:20 of 1st period - David Perron from Blues is injured at 15:20 of 1st period (Strained Left Elbow).
15:21 of 1st period - Sergei Shirokov wins face-off versus Mike Richards in Blues zone.
15:37 of 1st period - Snap shot by Rick Nash.
15:37 of 1st period - Shot Blocked by Drew Fata.
15:51 of 1st period - Snap shot by Tyler Johnson.
15:51 of 1st period - Stopped by Tuukka Rask without a rebound.
15:52 of 1st period - Taylor Pyatt wins face-off versus Tyler Johnson in Blues zone.
15:58 of 1st period - Off-side.
15:59 of 1st period - Travis Zajac wins face-off versus Tyler Johnson in neutral zone.
16:10 of 1st period - Snap shot by Joe Pavelski.
16:10 of 1st period - Stopped by Ilya Bryzgalov with a rebound.
16:13 of 1st period - Icing by Jiri Fischer.
16:14 of 1st period - Nicklas Backstrom wins face-off versus Tyler Johnson in Red Wings zone.
16:31 of 1st period - Snap shot by Tyler Johnson.
16:31 of 1st period - Stopped by Tuukka Rask with a rebound.
16:33 of 1st period - Wrist shot by Steve Downie.
16:33 of 1st period - Shot Misses the Net.
16:35 of 1st period - Slapshot by Ole-Kristian Tollefsen.
16:35 of 1st period - Stopped by Tuukka Rask with a rebound.
16:51 of 1st period - Wrist shot by Nicklas Backstrom.
16:51 of 1st period - Stopped by Ilya Bryzgalov without a rebound.
16:52 of 1st period - Mike Richards wins face-off versus Nik Antropov in Red Wings zone.
18:00 of 1st period - Alex Pietrangelo is hit by Jiri Fischer and loses puck.
18:07 of 1st period - Wrist shot by Tyler Johnson.
18:07 of 1st period - Shot Misses the Net.
18:09 of 1st period - Wrist shot by Steve Downie.
18:09 of 1st period - Shot Blocked by Bryce Lampman.
18:21 of 1st period - Slapshot by Alex Pietrangelo.
18:21 of 1st period - Shot Blocked by Jiri Fischer.
18:23 of 1st period - Slapshot by Bryce Lampman.
18:23 of 1st period - Shot Blocked by Ole-Kristian Tollefsen.
18:25 of 1st period - Slapshot by Taylor Pyatt.
18:25 of 1st period - Goal by Taylor Pyatt - Red Wings : 2 - Blues : 2.
18:26 of 1st period - Mike Richards wins face-off versus Taylor Hall in neutral zone.
18:29 of 1st period - Snap shot by Rick Nash.
18:29 of 1st period - Shot Blocked by Cody Franson.
18:31 of 1st period - Wrist shot by Rick Nash.
18:31 of 1st period - Stopped by Tuukka Rask without a rebound.
18:32 of 1st period - Travis Zajac wins face-off versus Mike Richards in Blues zone.
18:44 of 1st period - Minor Penalty to Phil Kessel for Elbowing.
18:45 of 1st period - Nicklas Backstrom wins face-off versus Tyler Johnson in Red Wings zone.
18:52 of 1st period - Snap shot by Joe Pavelski.
18:52 of 1st period - Shot Misses the Net.
18:54 of 1st period - Slapshot by Bryce Lampman.
18:54 of 1st period - Stopped by Ilya Bryzgalov with a rebound.
19:28 of 1st period - Slapshot by Taylor Hall.
19:28 of 1st period - Stopped by Ilya Bryzgalov without a rebound.
19:29 of 1st period - Nicklas Backstrom wins face-off versus Tyler Johnson in Red Wings zone.
19:32 of 1st period - Snap shot by Joe Pavelski.
19:32 of 1st period - Shot Misses the Net.
19:34 of 1st period - Snap shot by Joe Pavelski.
19:34 of 1st period - Deflect By Nicklas Backstrom.
19:34 of 1st period - Stopped by Ilya Bryzgalov without a rebound.
19:35 of 1st period - Nicklas Backstrom wins face-off versus Tyler Johnson in Red Wings zone.
Goals for this period are 2 for Red Wings vs 2 for Blues.
Shots for this period are 11 for Red Wings vs 17 for Blues.

2nd period


0:01 of 2nd period - Tyler Johnson wins face-off versus Joe Pavelski in neutral zone.
0:44 of 2nd period - Penalty to Phil Kessel is over, Phil Kessel is back on ice.
0:49 of 2nd period - Slapshot by Ole-Kristian Tollefsen.
0:49 of 2nd period - Stopped by Tuukka Rask with a rebound.
0:51 of 2nd period - Slapshot by Shea Weber.
0:51 of 2nd period - Stopped by Tuukka Rask without a rebound.
0:52 of 2nd period - Nicklas Backstrom wins face-off versus Mike Richards in Blues zone.
1:01 of 2nd period - Slapshot by Rick Nash.
1:01 of 2nd period - Shot Misses the Net.
1:03 of 2nd period - Slapshot by Brendan Bell.
1:03 of 2nd period - Shot Blocked by Sergei Shirokov.
1:05 of 2nd period - Wrist shot by Mike Richards.
1:05 of 2nd period - Stopped by Tuukka Rask with a rebound.
1:07 of 2nd period - Slapshot by Tim Ramholt.
1:07 of 2nd period - Shot Misses the Net.
1:16 of 2nd period - Icing by Christian Ehrhoff.
1:17 of 2nd period - Nicklas Backstrom wins face-off versus Adam Henrique in Blues zone.
1:28 of 2nd period - Snap shot by Taylor Hall.
1:28 of 2nd period - Stopped by Ilya Bryzgalov without a rebound.
1:29 of 2nd period - Mike Richards wins face-off versus Travis Zajac in Red Wings zone.
1:36 of 2nd period - Wrist shot by Shea Weber.
1:36 of 2nd period - Shot Blocked by Taylor Hall.
1:44 of 2nd period - Wrist shot by Travis Zajac.
1:44 of 2nd period - Shot Blocked by Rick Nash.
2:05 of 2nd period - Off-side.
2:06 of 2nd period - Travis Zajac wins face-off versus Phil Kessel in neutral zone.
2:09 of 2nd period - Ole-Kristian Tollefsen is hit by Joe Pavelski.
2:35 of 2nd period - Slapshot by Tyler Johnson.
2:35 of 2nd period - Stopped by Tuukka Rask without a rebound.
2:36 of 2nd period - Nicklas Backstrom wins face-off versus Tyler Johnson in Blues zone.
3:05 of 2nd period - Nik Antropov is hit by Shea Weber and loses puck.
3:46 of 2nd period - Snap shot by Nicklas Backstrom.
3:46 of 2nd period - Stopped by Ilya Bryzgalov without a rebound.
3:47 of 2nd period - Mike Richards wins face-off versus Nicklas Backstrom in Red Wings zone.
4:10 of 2nd period - Wrist shot by Cody Franson.
4:10 of 2nd period - Shot Blocked by Jiri Fischer.
4:16 of 2nd period - Slapshot by Ole-Kristian Tollefsen.
4:16 of 2nd period - Stopped by Tuukka Rask without a rebound.
4:17 of 2nd period - Nik Antropov wins face-off versus Tyler Johnson in Blues zone.
4:42 of 2nd period - Kevin Porter is hit by Tyler Johnson and loses puck.
5:13 of 2nd period - Snap shot by Sean Bergenheim.
5:13 of 2nd period - Stopped by Tuukka Rask without a rebound.
5:14 of 2nd period - Phil Kessel wins face-off versus Travis Zajac in Blues zone.
5:15 of 2nd period - Snap shot by Rick Nash.
5:15 of 2nd period - Stopped by Tuukka Rask with a rebound.
5:31 of 2nd period - Snap shot by Rick Nash.
5:31 of 2nd period - Stopped by Tuukka Rask with a rebound.
6:19 of 2nd period - Wrist shot by Taylor Pyatt.
6:19 of 2nd period - Stopped by Ilya Bryzgalov without a rebound.
6:20 of 2nd period - Mike Richards wins face-off versus Nicklas Backstrom in Red Wings zone.
6:20 of 2nd period - Mike Richards is hit by Nicklas Backstrom.
6:25 of 2nd period - Off-side.
6:26 of 2nd period - Mike Richards wins face-off versus Nicklas Backstrom in neutral zone.
6:40 of 2nd period - Backhand shot by Shea Weber.
6:40 of 2nd period - Stopped by Tuukka Rask without a rebound.
6:41 of 2nd period - Travis Zajac wins face-off versus Mike Richards in Blues zone.
7:08 of 2nd period - Sean Bergenheim is hit by Sergei Shirokov and loses puck.
7:09 of 2nd period - Sean Bergenheim from Red Wings is injured at 7:09 of 2nd period (Right Foot).
7:10 of 2nd period - Mike Richards wins face-off versus Travis Zajac in Red Wings zone.
7:27 of 2nd period - Backhand shot by Rick Nash.
7:27 of 2nd period - Shot Misses the Net.
7:48 of 2nd period - Snap shot by Mike Brown.
7:48 of 2nd period - Shot Misses the Net.
7:50 of 2nd period - Snap shot by Filip Kuba.
7:50 of 2nd period - Deflect By Travis Zajac.
7:50 of 2nd period - Stopped by Tuukka Rask without a rebound.
7:51 of 2nd period - Mike Richards wins face-off versus Sergei Shirokov in Blues zone.
8:41 of 2nd period - Slapshot by Tomas Kopecky.
8:41 of 2nd period - Shot Misses the Net.
8:49 of 2nd period - Minor Penalty to Tye McGinn for Roughing.
8:50 of 2nd period - Nicklas Backstrom wins face-off versus Rick Nash in Red Wings zone.
10:49 of 2nd period - Penalty to Tye McGinn is over, Tye McGinn is back on ice.
11:50 of 2nd period - Snap shot by Phil Kessel.
11:50 of 2nd period - Stopped by Tuukka Rask without a rebound.
11:51 of 2nd period - Mike Richards wins face-off versus Paul Kariya in Blues zone.
11:52 of 2nd period - Snap shot by Phil Kessel.
11:52 of 2nd period - Deflect By Mike Richards.
11:52 of 2nd period - Shot Misses the Net.
11:52 of 2nd period - Puck is out of play.
11:53 of 2nd period - Kevin Porter wins face-off versus Mike Richards in Blues zone.
13:16 of 2nd period - Snap shot by Phil Kessel.
13:16 of 2nd period - Stopped by Tuukka Rask with a rebound.
13:18 of 2nd period - Slapshot by Filip Kuba.
13:18 of 2nd period - Stopped by Tuukka Rask with a rebound.
13:20 of 2nd period - Snap shot by Filip Kuba.
13:20 of 2nd period - Deflect By Phil Kessel.
13:20 of 2nd period - Shot Misses the Net.
13:20 of 2nd period - Puck is out of play.
13:21 of 2nd period - Alex Picard wins face-off versus Nicklas Backstrom in Blues zone.
13:22 of 2nd period - Wrist shot by Adam Henrique.
13:22 of 2nd period - Deflect By Ales Hemsky.
13:22 of 2nd period - Shot Blocked by Alex Pietrangelo.
13:22 of 2nd period - Puck is out of play.
13:23 of 2nd period - Adam Henrique wins face-off versus Nicklas Backstrom in Blues zone.
13:24 of 2nd period - Wrist shot by Alex Picard.
13:24 of 2nd period - Shot Misses the Net.
13:26 of 2nd period - Slapshot by Ales Hemsky.
13:26 of 2nd period - Shot Misses the Net.
13:28 of 2nd period - Slapshot by Ales Hemsky.
13:28 of 2nd period - Goal by Ales Hemsky - Red Wings : 3 - Blues : 2.
13:29 of 2nd period - Adam Henrique wins face-off versus Sergei Shirokov in neutral zone.
13:56 of 2nd period - Nik Antropov is hit by Tye McGinn and loses puck.
14:01 of 2nd period - Snap shot by Mike Brown.
14:01 of 2nd period - Shot Blocked by Drew Stafford.
14:07 of 2nd period - Wrist shot by Mike Brown.
14:07 of 2nd period - Stopped by Tuukka Rask without a rebound.
14:08 of 2nd period - Mike Richards wins face-off versus Nicklas Backstrom in Blues zone.
14:25 of 2nd period - Snap shot by Nicklas Backstrom.
14:25 of 2nd period - Stopped by Ilya Bryzgalov with a rebound.
14:47 of 2nd period - Snap shot by Brendan Bell.
14:47 of 2nd period - Stopped by Tuukka Rask without a rebound.
14:48 of 2nd period - Nate Thompson wins face-off versus Travis Zajac in Blues zone.
16:03 of 2nd period - Snap shot by Tyler Johnson.
16:03 of 2nd period - Stopped by Tuukka Rask without a rebound.
16:04 of 2nd period - Nicklas Backstrom wins face-off versus Mike Richards in Blues zone.
16:19 of 2nd period - Slapshot by Rick Nash.
16:19 of 2nd period - Stopped by Tuukka Rask with a rebound.
16:21 of 2nd period - Snap shot by Mike Richards.
16:21 of 2nd period - Shot Misses the Net.
17:40 of 2nd period - Snap shot by Sergei Shirokov.
17:40 of 2nd period - Shot Misses the Net.
18:55 of 2nd period - Slapshot by Nik Antropov.
18:55 of 2nd period - Stopped by Ilya Bryzgalov without a rebound.
18:56 of 2nd period - Adam Henrique wins face-off versus Nik Antropov in Red Wings zone.
19:03 of 2nd period - Slapshot by Christian Ehrhoff.
19:03 of 2nd period - Stopped by Ilya Bryzgalov with a rebound.
19:05 of 2nd period - Snap shot by Nik Antropov.
19:05 of 2nd period - Deflect By Taylor Pyatt.
19:05 of 2nd period - Shot Blocked by Adam Henrique.
19:05 of 2nd period - Puck is out of play.
19:06 of 2nd period - Travis Zajac wins face-off versus Mike Richards in Red Wings zone.
19:07 of 2nd period - Wrist shot by Taylor Hall.
19:07 of 2nd period - Shot Misses the Net.
19:13 of 2nd period - Snap shot by Taylor Hall.
19:13 of 2nd period - Stopped by Ilya Bryzgalov with a rebound.
19:21 of 2nd period - Drew Fata is hit by Brendan Bell and loses puck.
19:32 of 2nd period - Brendan Bell is hit by Nicklas Backstrom and loses puck.
Goals for this period are 1 for Red Wings vs 0 for Blues.
Shots for this period are 18 for Red Wings vs 7 for Blues.

3rd period


0:01 of 3rd period - Travis Zajac wins face-off versus Mike Richards in neutral zone.
0:03 of 3rd period - Off-side.
0:04 of 3rd period - Mike Richards wins face-off versus Travis Zajac in neutral zone.
0:15 of 3rd period - Snap shot by Rick Nash.
0:15 of 3rd period - Stopped by Tuukka Rask without a rebound.
0:16 of 3rd period - Nicklas Backstrom wins face-off versus Mike Richards in Blues zone.
0:23 of 3rd period - Wrist shot by Nicklas Backstrom.
0:23 of 3rd period - Stopped by Ilya Bryzgalov without a rebound.
0:24 of 3rd period - Mike Richards wins face-off versus Nicklas Backstrom in Red Wings zone.
0:38 of 3rd period - Wrist shot by Nicklas Backstrom.
0:38 of 3rd period - Deflect By Sergei Shirokov.
0:38 of 3rd period - Stopped by Ilya Bryzgalov without a rebound.
0:39 of 3rd period - Travis Zajac wins face-off versus Tyler Johnson in Red Wings zone.
1:04 of 3rd period - Tomas Kopecky is hit by Mike Brown and loses puck.
1:31 of 3rd period - Ole-Kristian Tollefsen is hit by Drew Stafford and loses puck.
1:48 of 3rd period - Icing by Mike Richards.
1:49 of 3rd period - Mike Richards wins face-off versus Travis Zajac in Red Wings zone.
2:33 of 3rd period - Slapshot by Alex Pietrangelo.
2:33 of 3rd period - Shot Blocked by Phil Kessel.
2:35 of 3rd period - Slapshot by Alex Pietrangelo.
2:35 of 3rd period - Shot Misses the Net.
2:37 of 3rd period - Wrist shot by Taylor Pyatt.
2:37 of 3rd period - Shot Hit the Post.
2:39 of 3rd period - Snap shot by Nik Antropov.
2:39 of 3rd period - Stopped by Ilya Bryzgalov without a rebound.
2:40 of 3rd period - Tyler Johnson wins face-off versus Nicklas Backstrom in Red Wings zone.
4:07 of 3rd period - Snap shot by Mike Brown.
4:07 of 3rd period - Shot Misses the Net.
4:09 of 3rd period - Snap shot by Nate Thompson.
4:09 of 3rd period - Shot Misses the Net.
4:43 of 3rd period - Backhand shot by Shea Weber.
4:43 of 3rd period - Stopped by Tuukka Rask without a rebound.
4:44 of 3rd period - Travis Zajac wins face-off versus Alex Picard in Blues zone.
4:55 of 3rd period - Snap shot by Taylor Hall.
4:55 of 3rd period - Stopped by Ilya Bryzgalov without a rebound.
4:56 of 3rd period - Nicklas Backstrom wins face-off versus Steve Downie in Red Wings zone.
5:41 of 3rd period - Slapshot by Taylor Hall.
5:41 of 3rd period - Shot Misses the Net.
5:43 of 3rd period - Slapshot by Joe Pavelski.
5:43 of 3rd period - Goal by Joe Pavelski - Red Wings : 3 - Blues : 3.
5:44 of 3rd period - Mike Richards wins face-off versus Nicklas Backstrom in neutral zone.
5:53 of 3rd period - Rick Nash is hit by Nicklas Backstrom and loses puck.
6:36 of 3rd period - Nate Thompson is hit by Joe Corvo and loses puck.
7:12 of 3rd period - Wrist shot by Phil Kessel.
7:12 of 3rd period - Shot Blocked by Alex Pietrangelo.
7:14 of 3rd period - Slapshot by Shea Weber.
7:14 of 3rd period - Shot Misses the Net.
7:38 of 3rd period - Alex Picard is hit by Nik Antropov and loses puck.
8:05 of 3rd period - Off-side.
8:06 of 3rd period - Travis Zajac wins face-off versus Mike Richards in neutral zone.
8:20 of 3rd period - Minor Penalty to Tim Ramholt for Holding.
8:21 of 3rd period - Nicklas Backstrom wins face-off versus Rick Nash in Red Wings zone.
8:21 of 3rd period - Slapshot by Joe Pavelski.
8:21 of 3rd period - Shot Misses the Net.
8:55 of 3rd period - Jiri Fischer is hit by Travis Zajac and loses puck.
9:06 of 3rd period - Bryce Lampman is hit by Tyler Johnson and loses puck.
10:20 of 3rd period - Penalty to Tim Ramholt is over, Tim Ramholt is back on ice.
10:28 of 3rd period - Minor Penalty to Nik Antropov for Roughing.
10:29 of 3rd period - Nicklas Backstrom wins face-off versus Mike Richards in Blues zone.
12:28 of 3rd period - Penalty to Nik Antropov is over, Nik Antropov is back on ice.
14:16 of 3rd period - Ole-Kristian Tollefsen is hit by Kevin Porter and loses puck.
16:28 of 3rd period - Nate Thompson is hit by Taylor Pyatt and loses puck.
16:54 of 3rd period - Off-side.
16:55 of 3rd period - Nicklas Backstrom wins face-off versus Mike Richards in neutral zone.
16:58 of 3rd period - Tye McGinn is hit by Nicklas Backstrom and loses puck.
17:21 of 3rd period - Tomas Kopecky is hit by Filip Kuba and loses puck.
17:46 of 3rd period - Drew Fata is hit by Tim Ramholt and loses puck.
18:08 of 3rd period - Icing by Tim Ramholt.
18:09 of 3rd period - Nicklas Backstrom wins face-off versus Mike Richards in Red Wings zone.
18:22 of 3rd period - Slapshot by Tomas Kopecky.
18:22 of 3rd period - Shot Misses the Net.
18:32 of 3rd period - Snap shot by Ales Hemsky.
18:32 of 3rd period - Stopped by Tuukka Rask with a rebound.
18:34 of 3rd period - Slapshot by Tim Ramholt.
18:34 of 3rd period - Deflect By Mike Richards.
18:34 of 3rd period - Stopped by Tuukka Rask without a rebound.
18:35 of 3rd period - Nik Antropov wins face-off versus Tyler Johnson in Blues zone.
19:05 of 3rd period - Snap shot by Tyler Johnson.
19:05 of 3rd period - Shot Misses the Net.
19:13 of 3rd period - Wrist shot by Drew Stafford.
19:13 of 3rd period - Deflect By Taylor Pyatt.
19:13 of 3rd period - Stopped by Ilya Bryzgalov with a rebound.
19:15 of 3rd period - Snap shot by Taylor Pyatt.
19:15 of 3rd period - Stopped by Ilya Bryzgalov without a rebound.
19:16 of 3rd period - Mike Richards wins face-off versus Travis Zajac in Red Wings zone.
Goals for this period are 0 for Red Wings vs 1 for Blues.
Shots for this period are 4 for Red Wings vs 7 for Blues.

Overtime #1


0:01 of 1st overtime period - Travis Zajac wins face-off versus Mike Richards in neutral zone.
0:04 of 1st overtime period - Rick Nash is hit by Bryce Lampman and loses puck.
1:09 of 1st overtime period - Bryce Lampman is hit by Alex Picard and loses puck.
1:43 of 1st overtime period - Jiri Fischer is hit by Paul Kariya and loses puck.
2:39 of 1st overtime period - Bryce Lampman is hit by Filip Kuba and loses puck.
3:45 of 1st overtime period - Cody Franson is hit by Tyler Johnson and loses puck.
Goals for this period are 0 for Red Wings vs 0 for Blues.
Shots for this period are 0 for Red Wings vs 0 for Blues.

ShootOut


5:00 of 1st overtime period - Penalty Shot by Rick Nash for Red Wings.
5:00 of 1st overtime period - Snap shot by Rick Nash.
5:00 of 1st overtime period - Stopped by Tuukka Rask.
5:00 of 1st overtime period - Penalty Shot by Joe Pavelski for Blues.
5:00 of 1st overtime period - Deke by Joe Pavelski.
5:00 of 1st overtime period - Stopped by Ilya Bryzgalov.
5:00 of 1st overtime period - Penalty Shot by Mike Richards for Red Wings.
5:00 of 1st overtime period - Snap shot by Mike Richards.
5:00 of 1st overtime period - Stopped by Tuukka Rask.
5:00 of 1st overtime period - Penalty Shot by Nik Antropov for Blues.
5:00 of 1st overtime period - Snap shot by Nik Antropov.
5:00 of 1st overtime period - Stopped by Ilya Bryzgalov.
5:00 of 1st overtime period - Penalty Shot by Steve Downie for Red Wings.
5:00 of 1st overtime period - Wrist shot by Steve Downie.
5:00 of 1st overtime period - Shot Misses the Net.
5:00 of 1st overtime period - Penalty Shot by Travis Zajac for Blues.
5:00 of 1st overtime period - Deke by Travis Zajac.
5:00 of 1st overtime period - Goal by Travis Zajac.